 Dungeon Crawl Stone Soup version 0.24.0-123-gd5b16e6ec5 (webtiles) character file.

Game seed: 4311289096833549701, levelgen mode: deterministic

186 Apoci the Bolt Thrower (level 5, -3/43 (45) HPs)
             Began as a Minotaur Hunter on Jan 9, 2020.
             Was a Plaything of Xom.
             Slain by DungeonDestroyer's ghost (12 damage)
             ... on level 4 of the Dungeon.
             The game lasted 00:37:38 (3976 turns).

Apoci the Bolt Thrower (Minotaur Hunter)            Turns: 3976, Time: 00:37:39

HP:   -3/43 (45)    AC:  0    Str: 17    XL:     5   Next: 38%
MP:   4/4           EV: 18    Int:  8    God:    Xom [.....*]
Gold: 154           SH:  0    Dex: 16    Spells: 4/4 levels left

rFire    . . .     SeeInvis .   k - +2 hand axe (venom)
rCold    . . .     Gourm    .   (no shield)
rNeg     . . .     Faith    .   (no armour)
rPois    .         Spirit   .   (helmet restricted)
rElec    .         Reflect  .   (no cloak)
rCorr    .         Harm     .   (no gloves)
MR       .....                  (no boots)
Stlth    +++.......             (no amulet)
HPRegen  0.14/turn              (no ring)
MPRegen  0.09/turn              (no ring)

@: agile
A: retaliatory headbutt, horns 2
a: Renounce Religion


You were on level 4 of the Dungeon.
You worshipped Xom.
You were Xom's teddy bear.
You were not hungry.

You visited 1 branch of the dungeon, and saw 4 of its levels.

You collected 154 gold pieces.

Inventory:

Hand Weapons
 a - a +1 hand crossbow {Orcpiercer}
 k - a +2 hand axe of venom (weapon)
Missiles
 d - 28 bolts
Armour
 j - a +0 ring mail
Scrolls
 b - a scroll of identify
 c - 2 scrolls of remove curse
 e - a scroll of teleportation
 g - a scroll of magic mapping
 h - a scroll of random uselessness {unknown}
 m - a scroll of enchant weapon {unknown}
 o - 2 scrolls of amnesia {unknown}
Potions
 n - a potion of flight {unknown}
Comestibles
 f - 4 rations


   Skills:
 + Level 3.6 Fighting
 + Level 0.4 Axes
 + Level 6.3 Crossbows
 + Level 1.4 Armour
 + Level 2.6 Dodging
 + Level 1.2 Stealth


You had 4 spell levels left.
You didn't know any spells.
Your spell library was empty.

Dungeon Overview and Level Annotations

Branches:
Dungeon (4/15)
 Temple: D:4-7

Altars:
Ashenzari
Vehumet
Xom

Annotations:
D:4 1 runed translucent door, DungeonDestroyer's ghost, novice GnFi


Innate Abilities, Weirdness & Mutations

You reflexively headbutt those who attack you in melee.
You have a pair of horns on your head.


Message History

You hear the brisk rusting of a distant drain.
DungeonDestroyer's ghost turns its malevolent gaze towards you.
Firing (i - inventory) No suitable missiles.
Press: ? - help, Shift-Dir - straight line, f - DungeonDestroyer's ghost
Aim: DungeonDestroyer's ghost
Okay, then.
Press: ? - help, v - describe, . - travel The floor.
Unknown command.
DungeonDestroyer's ghost hits you. DungeonDestroyer's ghost hits you!
DungeonDestroyer's ghost barely misses you.
You feel agile all of a sudden. DungeonDestroyer's ghost hits you!
* * * LOW HITPOINT WARNING * * *
As you read the scroll of fear, it crumbles to dust.
You assume a fearsome visage.
DungeonDestroyer's ghost is unaffected.
DungeonDestroyer's ghost hits you!
You die...
Xom titters!

..,,,,,+......## *,,,,,,,*
.#,****#.......# *,*******
.#,# #######.# *,* .#.# #.##
*,* .#.###########..#### *,*
..................># *,*
.#,*,**########..#.##*,*
.#######***#........#*,*
W#≈S≈l≈≈≈l≈#..##@#..#*,*
.Fr≈s≈:≈≈≈r+..*#W#..#*,*
.#≈≈≈≈≈≈≈≈≈#.**#....#*,*
.############* ##...#*,*
......#####.#####...#*,*
..##..##.......###..#*,******
..+,,,##.......# #..#*,,,,,,*
..#**,*#.......# #..#******,*
..# *,*#.......# #..# *,*


You could see DungeonDestroyer's ghost.

Vanquished Creatures
  An iguana (D:4)
  2 worker ants
  2 adders
  A shadow imp (D:3)
  2 worms (D:2)
  A dart slug (D:2)
  2 leopard geckos
  10 orcs (D:3)
  3 ball pythons
  A giant cockroach (D:2)
  4 goblins
  5 hobgoblins
  2 quokkas
  12 bats
  5 frilled lizards
  9 kobolds
  5 rats
67 creatures vanquished.

Notes
Turn   | Place    | Note
-------+----------+-------------------------------------------
     0 | D:1      | Apoci the Minotaur Hunter began the quest for the Orb.
     0 | D:1      | Reached XP level 1. HP: 18/18 MP: 0/0
   292 | D:1      | Reached XP level 2. HP: 24/25 MP: 1/1
   459 | D:1      | You fall into a shaft and drop 1 floor!
   541 | D:2      | Reached skill level 5 in Crossbows
   683 | D:2      | Reached XP level 3. HP: 25/30 MP: 2/2
   869 | D:2      | Found a radiant altar of Vehumet.
   871 | D:2      | Found a shattered altar of Ashenzari.
   943 | D:2      | Reached skill level 1 in Armour
  1003 | D:2      | You fall into a shaft and drop 1 floor!
  1663 | D:2      | Found an opulent altar of Gozag.
  1668 | D:2      | Found an ancient bone altar of Kikubaaqudgha.
  1668 | D:2      | Found an ornate altar of the Wu Jian Council.
  1672 | D:2      | Found a glowing silver altar of Zin.
  1672 | D:2      | Found an ornate altar of the Wu Jian Council.
  1672 | D:2      | Found a shimmering altar of Xom.
  1702 | D:2      | Became a worshipper of Xom of Chaos
  1721 | D:2      | XOM: divination: magic mapping
  2033 | D:3      | XOM: harmless Fire miscast
  2178 | D:3      | XOM: divination: detect items
  2210 | D:3      | XOM is BORED!
  2210 | D:3      | XOM: harmless Hex miscast
  2475 | D:3      | Reached XP level 4. HP: 38/38 MP: 3/3
  2612 | D:3      | Reached skill level 1 in Stealth
  2657 | D:3      | XOM: mild Necr miscast
  2747 | D:3      | XOM: harmless Air miscast
  2907 | D:3      | XOM: harmless Summ miscast
  2957 | D:3      | XOM is BORED!
  2957 | D:3      | XOM: mild Necr miscast
  3082 | D:3      | Reached skill level 6 in Crossbows
  3689 | D:4      | Reached XP level 5. HP: 16/43 MP: 4/4
  3825 | D:4      | XOM is BORED!
  3825 | D:4      | XOM: mild Pois miscast
  3845 | D:4      | XOM: 1-stop teleportation journey
  3855 | D:4      | Found a runed translucent door.
  3856 | D:4      | Noticed DungeonDestroyer's ghost (novice GnFi)
  3920 | D:4      | Found a runed translucent door.
  3929 | D:4      | XOM: polymorph leopard gecko -> frilled lizard
  3931 | D:4      | XOM: 1-stop teleportation journey
  3976 | D:4      | Slain by DungeonDestroyer's ghost

Levels and vault maps discovered:
D:1:      ebering_trefoil_twist, layout_basic, serial_glass, glass_columns_a,
          glass_columns_a, due_unseen_surprise, feat_on_display,
          minmay_strange_pillars
D:2:      layout_basic, doesnt_xom_only_xom, nicolae_overflow_hidden_temple,
          serial_glass, glass_columns_c, glass_columns_a, feat_on_display,
          due_unseen_surprise, first_ration
D:3:      layout_loops_corners
D:4:      minmay_chambers_of_fours, layout_basic, ebering_ghost_sewer_f,
          portal_sewer_entry_f

Skill      XL: |  1  2  3  4 |
---------------+-------------+-----
Crossbows      | 5 6 |  6.3
Armour         | 1 |  1.4
Fighting       | 3 |  3.6
Stealth        | 1 |  1.2
Axes           | |  0.4
Dodging        | |  2.6

Action                   |  1- 3 |  4- 6 || total
-------------------------+-------+-------++-------
Melee: Short sword       |    14 |       ||    14
       Headbutt          |     4 |     1 ||     5
       Hand crossbow     |     3 |     6 ||     9
       Hand axe          |       |    15 ||    15
 Fire: Hand crossbow     |    74 |    37 ||   111
  Use: Scroll            |     5 |     3 ||     8
       Potion            |     1 |     2 ||     3
  Eat: Ration            |     2 |     1 ||     3
Armor: Leather armour    |     1 |       ||     1
       Ring mail         |    17 |       ||    17
Dodge: Dodged            |    41 |    39 ||    80
